 Dungeon Crawl Stone Soup version 0.18.1-50-g88ac8fd (webtiles) character file.

219 Holeefuk the Slasher (level 6, 47/47 HPs)
             Began as a Formicid Fighter on Sept 30, 2016.
             Was an Initiate of Okawaru.
             Quit the game on level 3 of the Dungeon.
             The game lasted 00:08:19 (2444 turns).

Holeefuk the Slasher (Formicid Fighter)             Turns: 2444, Time: 00:08:20

Health: 47/47      AC:  9    Str: 21    XL:     6   Next: 17%
Magic:  6/6        EV:  4    Int:  7    God:    Okawaru [......]
Gold:   99         SH:  9    Dex: 12    Spells: 0 memorised, 5 levels left

rFire  . . .     SeeInvis +     a - +1 long sword
rCold  . . .     Gourm    .     b - +0 scale mail
rNeg   . . .     Faith    .     c - +0 shield
rPois  .         Spirit   .     (helmet unavailable)
rElec  .         Dismiss  .     r - +0 cloak
rCorr  .         Reflect  .     (no gloves)
SustAt .         Harm     .     n - +0 pair of boots
MR     .....                    (no amulet)
Stlth  ..........               (no ring)
                                s - -4 ring of evasion (curse)

@: not resistant to hostile enchantments, extremely unstealthy
A: permanent stasis, dig shafts and tunnels, four strong arms, antennae 3
a: Dig, Shaft Self, Renounce Religion


You were on level 3 of the Dungeon.
You worshipped Okawaru.
Okawaru was noncommittal.
You were very hungry.

You visited 1 branch of the dungeon, and saw 3 of its levels.

You collected 99 gold pieces.

Inventory:

Hand Weapons
 a - a +1 long sword (weapon)
Armour
 b - a +0 scale mail (worn)
 c - a +0 shield (worn)
 n - a +0 pair of boots (worn)
 r - a +0 cloak (worn)
Jewellery
 h - an uncursed ring of ice
 l - an uncursed ring of protection from cold
 s - a cursed -4 ring of evasion (left hand)
Wands
 q - a wand of flame (39/48)
Scrolls
 i - 5 scrolls of identify
Potions
 d - 2 potions of might
 e - a potion of agility
 g - a potion of curing {unknown}
 k - a potion of haste
 o - a potion of degeneration {unknown}
Comestibles
 f - 2 bread rations


   Skills:
 - Level 3.2 Fighting
 - Level 5.6 Long Blades
 - Level 3.2 Armour
 + Level 1.4 Dodging
 - Level 3.6 Shields


You had 5 spell levels left.
You didn't know any spells.

Dungeon Overview and Level Annotations

Branches:
Dungeon (3/15)

Altars:
Dithmenos
Elyvilon
Okawaru


Innate Abilities, Weirdness & Mutations

You are under a permanent stasis effect.
You can dig through walls and to a lower floor.
Your four strong arms can wield two-handed weapons with a shield.
You have a pair of large antennae on your head (SInv).


Message History

It is a scroll of enchant weapon.
Enchant which weapon? (? for menu, Esc to quit)
Your +0 long sword glows red for a moment.
Read which item? (? for menu, Esc to quit)
As you read the scroll labeled DAHORO VEUPH, it crumbles to dust.
You feel a strange sense of stasis.
It was a scroll of teleportation.
Read which item? (? for menu, Esc to quit)
As you read the scroll labeled DUSSIE HYUC, it crumbles to dust.
You feel as if something is helping you.
It was a scroll of remove curse.
Drop what? 18/52 slots (_ for help) (? for menu, Esc to quit)
You remove your ring of loudness.
You drop an uncursed ring of loudness.
You remove your -2 ring of protection.
You drop a -2 ring of protection.
Drop what? 16/52 slots (_ for help) (? for menu, Esc to quit)
Okay, then.
Oops, that ring feels deathly cold.
s - a cursed -4 ring of evasion (left hand) Are you sure you want to abandon this character and quit the game? (Confirm with "yes".)

# .#
####)
...
#.#
#@# {
#.#
#.# {
#.# {
#.#
#.#
#.#.#
..
#.#.#
.#
#.#.#


There were no monsters in sight!

Vanquished Creatures
  Jessica (D:2)
  Terence (D:2)
  Natasha (twice) (D:2)
  Robin (D:2)
  4 adders (D:2)
  2 worms
  A dart slug (D:1)
  2 giant geckos
  An orc (D:3)
  3 giant cockroaches
  11 hobgoblins
  A jackal (D:2)
  A quokka (D:2)
  A ball python (D:3)
  6 bats
  4 giant newts
  10 goblins
  8 kobolds
  3 rats
63 creatures vanquished.

Notes
Turn   | Place    | Note
--------------------------------------------------------------
     0 | D:1      | Holeefuk the Formicid Fighter began the quest for the Orb.
     0 | D:1      | Reached XP level 1. HP: 18/18 MP: 1/1
   119 | D:1      | Reached XP level 2. HP: 22/24 MP: 2/2
   304 | D:1      | Reached skill level 3 in Long Blades
   603 | D:1      | Reached XP level 3. HP: 29/29 MP: 3/3
  1251 | D:2      | Reached XP level 4. HP: 18/35 MP: 4/4
  1252 | D:2      | Reached skill level 4 in Long Blades
  1339 | D:2      | Noticed Natasha
  1349 | D:2      | Killed Natasha
  1387 | D:2      | Noticed Terence
  1544 | D:2      | Noticed Jessica
  1549 | D:2      | Found a white marble altar of Elyvilon.
  1555 | D:2      | Killed Jessica
  1555 | D:2      | Reached skill level 5 in Long Blades
  1555 | D:2      | Reached XP level 5. HP: 24/41 MP: 5/5
  1839 | D:2      | Killed Terence
  1878 | D:2      | Noticed Robin
  1892 | D:2      | Killed Robin
  2018 | D:2      | Noticed Natasha
  2033 | D:2      | Killed Natasha
  2033 | D:2      | Reached skill level 1 in Dodging
  2033 | D:2      | Reached XP level 6. HP: 11/47 MP: 6/6
  2136 | D:2      | Found a shadowy altar of Dithmenos.
  2147 | D:2      | Found an iron altar of Okawaru.
  2235 | D:2      | Became a worshipper of Warmaster Okawaru
  2444 | D:3      | Quit the game

Skill      XL: |  1  2  3  4  5 |
---------------+----------------+-----
Long Blades    | 3 5 |  5.6
Dodging        | 1 |  1.4
Fighting       | |  3.2
Armour         | |  3.2
Shields        | |  3.6

Action                   |  1- 3 |  4- 6 || total
-------------------------+-------+-------++-------
Melee: Long sword        |   130 |   139 ||   269
 Abil: Dig               |       |     1 ||     1
  Use: Potion            |       |     3 ||     3
       Scroll            |       |     5 ||     5
  Eat: Chunk             |     1 |     3 ||     4
Armor: Scale mail        |    57 |    49 ||   106
Dodge: Dodged            |    53 |    42 ||    95
Block: Shield            |    72 |    80 ||   152
